 Dungeon Crawl Stone Soup version 0.23.0 (webtiles) character file.

Game seed: 8430761286975735606

67 Makai the Firebug (level 3, -3/26 HPs)
             Began as a Draconian Fire Elementalist on Feb 9, 2019.
             Slain by an iguana (13 damage)
             ... on level 2 of the Dungeon.
             The game lasted 00:11:34 (3108 turns).

Makai the Firebug (Draconian Fire Elementalist)     Turns: 3108, Time: 00:11:34

Health: -3/26      AC:  5    Str: 10    XL:     3   Next: 98%
Magic:  1/7        EV: 12    Int: 16    God:
Gold:   130        SH:  0    Dex: 11    Spells: 6/7 levels left

rFire    . . .     SeeInvis .   d - +0 dagger
rCold    . . .     Gourm    .   (no shield)
rNeg     . . .     Faith    .   (armour unavailable)
rPois    .         Spirit   .   (helmet restricted)
rElec    .         Reflect  .   (no cloak)
rCorr    .         Harm     .   (no gloves)
MR       .....                  (no boots)
Stlth    ++........             (no amulet)
HPRegen  0.08/turn              (no ring)
MPRegen  0.10/turn              (no ring)

@: no status effects
A: unfitting armour, cold-blooded, AC +5
a: no special abilities


You were on level 2 of the Dungeon.
You were hungry.

You visited 1 branch of the dungeon, and saw 2 of its levels.

You collected 130 gold pieces.

Inventory:

Hand Weapons
 d - a +0 dagger (weapon)
Jewellery
 c - a cursed -4 ring of intelligence {unknown}
 i - a +4 ring of evasion {unknown}
Scrolls
 a - a scroll of teleportation {unknown}
 e - 2 scrolls of identify {unknown}
 f - 2 scrolls of magic mapping {unknown}
 g - a scroll of noise {unknown}
 j - 3 scrolls of remove curse {unknown}
 k - a scroll of fear {unknown}
 n - a scroll of immolation {unknown}
 p - a scroll of random uselessness {unknown}
Potions
 h - 3 potions of curing
 l - a potion of lignification {unknown}
 o - a potion of might {unknown}
 q - a potion of degeneration {unknown}
 r - a potion of flight {unknown}
Comestibles
 b - 3 rations


   Skills:
 - Level 1.7 Dodging
 - Level 1.7 Stealth
 + Level 2.8 Spellcasting
 + Level 2.2 Conjurations
 + Level 3.7 Fire Magic


You had 6 spell levels left.
You knew the following spells:

 Your Spells              Type           Power        Failure   Level  Hunger
a - Flame Tongue          Conj/Fire      ##...        5%          1    #......

Your spell library contained the following spells:

 Spells                   Type           Power        Failure   Level  Hunger
 Throw Flame              Conj/Fire      ##....       9%          2    ##.....
 Conjure Flame            Conj/Fire      ##......     17%         3    ###....
 Inner Flame              Hex/Fire       #.......     26%         3    ###....
 Sticky Flame             Conj/Fire      ##......     50%         4    #####..
 Fireball                 Conj/Fire      ##........   83%         5    ######.


Dungeon Overview and Level Annotations

Branches:
Dungeon (2/15)

Altars:
Elyvilon
Gozag
Yredelemnul


Innate Abilities, Weirdness & Mutations

Your plain brown scales are hard. (AC +5)
You cannot fit into any form of body armour.
You are cold-blooded and may be slowed by cold attacks.


Message History

Press: ? - help, Shift-Dir - straight line, f/p - iguana
Aim: an iguana (lightly wounded)
The flame tongue hits the iguana but does no damage.
The iguana is lightly wounded.
The iguana barely misses you.
Casting: Flame Tongue (safe; 5% risk of failure)
Confirm with . or Enter, or press ? or * to list all spells.
Aiming: Flame Tongue (safe; 5% risk of failure)
Press: ? - help, Shift-Dir - straight line, f/p - iguana
Aim: an iguana (lightly wounded)
The flame tongue hits the iguana.
The iguana is moderately wounded.
The iguana bites you!
* * * LOW HITPOINT WARNING * * *
It was a potion of curing.
You feel better. The iguana closely misses you.
You barely miss the iguana.
The iguana is moderately wounded.
The iguana bites you!
Ouch! That really hurt!
You die...

#.# ....≈... ##'## ##.## #.##.[.#
##(..## ##...###.. #.####
##.....# # ##........# #K##.##
##.......
###.......######.#...####........
'÷..............w.......'........
####....#.######.#...####........
# ##..##.## #l##.## ##.......
#..##..# #@#### ##.....# #...(..#
#.# ##...## #..#...# #.# ##'##
#.#_#.## #.# #<# #..#..# #.# #.#
##.....# #.# ##.### ####..##.##
#.. ..######...#. .........# ###
............. ##########
#.######...#.


You could see a worm, an iguana and a kobold.

Vanquished Creatures
  3 adders (D:2)
  2 worms (D:2)
  A dart slug (D:2)
  2 leopard geckos (D:1)
  4 bats
  2 giant cockroaches
  3 goblins
  A hobgoblin (D:2)
  2 jackals (D:1)
  A quokka (D:2)
  A ball python (D:2)
  A frilled lizard (D:2)
  4 kobolds
  5 rats
32 creatures vanquished.

Notes
Turn   | Place    | Note
-------+----------+-------------------------------------------
     0 | D:1      | Makai the Draconian Fire Elementalist began the quest for
                  | the Orb.
     0 | D:1      | Reached XP level 1. HP: 14/14 MP: 3/3
   814 | D:1      | Reached XP level 2. HP: 20/20 MP: 5/5
  1459 | D:2      | Found a faded altar of an unknown god.
  1691 | D:2      | Reached XP level 3. HP: 22/26 MP: 6/6
  1928 | D:2      | Found a white marble altar of Elyvilon.
  2267 | D:2      | Found a basalt altar of Yredelemnul.
  2813 | D:2      | Found an opulent altar of Gozag.
  3108 | D:2      | Slain by an iguana

Skill      XL: |  1  2  3 |
---------------+----------+-----
Conjurations   | 2 |  2.2
Dodging        | |  1.7
Stealth        | |  1.7
Spellcasting   | |  2.8
Fire Magic     | |  3.7

Action                   || total
-------------------------++-------
Melee: Dagger            ||   118
       Tailslap          ||    15
 Cast: Flame Tongue      ||    24
  Use: Potion            ||     1
 Stab: Sleeping          ||     2
  Eat: Chunk             ||     3
       Ration            ||     1
Armor: Skin              ||    54
Dodge: Dodged            ||   113
